 Dungeon Crawl Stone Soup version 0.27.1-33-g824d729ab1 (webtiles) character file.

Game seed: 4782334303582894184

266 Atelerd the Digger (level 6, -1/36 HPs)
             Began as an Octopode Earth Elementalist on Dec 21, 2021.
             Slain by a ball python (2 damage)
             ... on level 4 of the Dungeon.
             The game lasted 00:03:17 (2893 turns).

Atelerd the Digger (Octopode Earth Elementalist)    Turns: 2893, Time: 00:03:17

Health: -1/36      AC:  1    Str:  7    XL:     6   Next: 20%
Magic:  11/21      EV: 10    Int: 20    God:
Gold:   136        SH:  0    Dex: 12    Spells: 12/13 levels left

rFire    . . .     SeeInvis .   g - +0 short sword
rCold    . . .     Faith    .   (no shield)
rNeg     . . .     Spirit   .   (helmet restricted)
rPois    .         Reflect  .   (no amulet)
rElec    .         Harm     .   h - ring of magical power
rCorr    .         Rampage  .   (no ring)
Will     .....                  (no ring)
Stlth    +++.......             (no ring)
HPRegen  0.12/turn              (no ring)
MPRegen  0.17/turn              (no ring)
                                (no ring)
                                (no ring)

@: constricted
A: almost no armour, amphibious, 8 rings, camouflage 1, gelatinous body 1,
(nimble swimmer 1), tentacles
a: no special abilities


You were on level 4 of the Dungeon.
You visited 1 branch of the dungeon, and saw 4 of its levels.

You collected 136 gold pieces.

Inventory:

Hand Weapons
 g - a +0 short sword (weapon)
Missiles
 b - 89 stones
Jewellery
 h - a ring of magical power (left tentacle)
Scrolls
 c - 4 scrolls of teleportation
 d - a scroll of holy word {unknown}
 i - a scroll of vulnerability {unknown}
 j - a scroll of fog {unknown}
 k - a scroll of enchant armour {unknown}
 n - a scroll of immolation
Potions
 a - a potion of brilliance {unknown}
 e - a potion of heal wounds {unknown}
 f - a potion of cancellation {unknown}
 l - 2 potions of lignification {unknown}
 m - a potion of curing {unknown}


   Skills:
 - Level 2.0 Dodging
 - Level 2.6 Stealth
 + Level 4.1 Spellcasting
 - Level 2.0 Transmutations
 + Level 5.0 Earth Magic


You had 12 spell levels left.
You knew the following spells:

 Your Spells              Type           Power      Damage    Failure   Level
a - Sandblast             Erth           48%        2d12      1%          1

Your spell library contained the following spells:

 Spells                   Type           Power      Damage    Failure   Level
 Passwall                 Tmut/Erth      15%        N/A       4%          2
 Stone Arrow              Conj/Erth      28%        3d8       14%         3
 Petrify                  Tmut/Erth      18%        N/A       30%         4


Dungeon Overview and Level Annotations

Branches:
Dungeon (4/15)
 Temple: D:4-7

Altars:


Innate Abilities, Weirdness & Mutations

You cannot wear most types of armour.
You are amphibious.
You can wear up to eight rings at the same time.
Your skin changes colour to match your surroundings (Stealth+).
Your rubbery body absorbs attacks. (AC +1, EV +1)
((You are camouflaged near water. (Stealth+)))
You have tentacles for arms and can constrict up to eight enemies at once.


Message History

The centaur kicks you but does no damage.
The orc closely misses you.
Casting: Sandblast (safe; 1% risk of failure)
Confirm with . or Enter, or press ? or * to list all spells.
Aiming: Sandblast (safe; 1% risk of failure)
Press: ? - help, Shift-Dir - straight line, f/p - centaur
Aim: a centaur, quivering arrows (almost dead, 88% to hit)
The blast of sand hits the centaur!!
You kill the centaur!
The orc misses you. The ball python bites you. The ball python grabs you.
The ball python constricts you. The orc barely misses you.
Your Spellcasting skill increases to level 4!
Your Earth Magic skill increases to level 5!
You have reached level 6!
Your experience leads to an increase in your attributes!
Increase (S)trength, (I)ntelligence, or (D)exterity?
You feel clever.
The ball python's grasp on you weakens, but your attempt to escape fails.
The ball python closely misses you. The ball python constricts you.
The orc completely misses you.
The kobold hits you with a +0 short sword.
* * * LOW HITPOINT WARNING * * *
The orc closely misses you.
You escape the ball python's grasp.
The orc hits you with a +0 short sword!
* * * LOW HITPOINT WARNING * * *
The ball python bites you.
* * * LOW HITPOINT WARNING * * *
The ball python grabs you. The ball python constricts you.
* * * LOW HITPOINT WARNING * * *
Your magical contamination has completely faded away.
Casting: Sandblast (safe; 1% risk of failure)
Confirm with . or Enter, or press ? or * to list all spells.
Aiming: Sandblast (safe; 1% risk of failure)
Press: ? - help, Shift-Dir - straight line, f - ball python
Aim: a ball python (constricting you, 78% to hit)
The blast of sand misses the ball python.
The blast of sand hits the kobold!
You kill the kobold!
The ball python bites you.
You die...

###.#..# #....<.....
#.(....## ###...)......
##......###.#..........
##....................
##............)......
###...).............
#............#....
#.....oo.....# ...
#...#..@S).....# .
#..##..........#
#...##............
##............##.##
##.....)....## ..
##..#......#
####...#..# ###.##.#


You could see 2 orcs and a ball python.

Vanquished Creatures
  A centaur (D:4)
  A hound (D:3)
  A jelly (D:4)
  A hound skeleton (D:4)
  5 adders
  3 worms (D:3)
  A dart slug (D:1)
  An orc (D:4)
  5 bats
  11 endoplasms
  4 giant cockroaches
  3 goblins
  3 hobgoblins
  8 kobolds
  A quokka (D:1)
  2 ball pythons
  2 frilled lizards (D:2)
  4 rats
57 creatures vanquished.

Vanquished Creatures (others)
  4 toadstools (D:1)
4 creatures vanquished.

Grand Total: 61 creatures vanquished

Notes
Turn   | Place    | Note
-------+----------+-------------------------------------------
     0 | D:1      | Atelerd the Octopode Earth Elementalist began the quest for
                  | the Orb.
     0 | D:1      | Reached XP level 1. HP: 11/11 MP: 3/3
    79 | D:1      | Found a faded altar of an unknown god.
   142 | D:1      | Reached XP level 2. HP: 9/17 MP: 0/5
  1345 | D:2      | Reached XP level 3. HP: 20/21 MP: 6/6
  2053 | D:3      | Reached XP level 4. HP: 20/27 MP: 8/8
  2366 | D:3      | Reached skill level 4 in Earth Magic
  2456 | D:3      | Reached XP level 5. HP: 16/31 MP: 9/9
  2857 | D:4      | Noticed an ogre
  2879 | D:4      | Noticed a centaur
  2887 | D:4      | Killed a centaur
  2888 | D:4      | Reached skill level 5 in Earth Magic
  2888 | D:4      | Reached XP level 6. HP: 13/36 MP: 11/12
  2892 | D:4      | HP: 1/36 [constriction (1)]
  2893 | D:4      | Slain by a ball python

Illustrated notes

Levels and vault maps discovered:
D:1:      ldierk_walled_garden_2, layout_loops_cross,
          hellmonk_ecumenical_altar_blasted
D:2:      layout_rooms
D:3:      layout_loops_cross
D:4:      layout_cave_pools, lemuel_blue_sif_altar,
          gammafunk_temple_overflow_forgotten, minmay_temple_entry_glassed_door,
          nicolae_ossuary_entry_monument

Skill      XL: |  1  2  3  4  5 |
---------------+----------------+-----
Transmutations | 2 |  2.0
Spellcasting   | 3 4 |  4.1
Earth Magic    | 4 5 |  5.0
Dodging        | |  2.0
Stealth        | |  2.6

Action                   |  1- 3 |  4- 6 || total
-------------------------+-------+-------++-------
Melee: Unarmed           |    24 |       ||    24
       Tentacles         |     7 |     3 ||    10
       Constrict         |     9 |     4 ||    13
       Short sword       |    14 |    12 ||    26
 Cast: Sandblast         |    37 |    31 ||    68
  Use: Scroll            |       |     1 ||     1
 Stab: Sleeping          |     1 |       ||     1
Armor: Skin              |     7 |     4 ||    11
Dodge: Dodged            |    41 |    26 ||    67
